 Dungeon Crawl Stone Soup version 0.22-a0-422-g9628fc8 (webtiles) character file.

8575 Borgoz the Protected (level 11, -6/71 HPs)
             Began as a Gargoyle Fighter on May 21, 2018.
             Incinerated by a smoke demon (7 damage)
             ... with a sticky flame
             ... on level 1 of the Orcish Mines.
             The game lasted 00:24:50 (13379 turns).

Borgoz the Protected (Gargoyle Fighter)            Turns: 13379, Time: 00:24:51

Health: -6/71      AC: 23    Str: 24    XL:     11   Next: 33%
Magic:  20/20      EV: 16    Int:  9    God:
Gold:   1016       SH:  0    Dex: 12    Spells: 10/10 levels left

rFire    . . .     SeeInvis .   D - +1 mace (protect)
rCold    . . .     Gourm    .   (no shield)
rNeg     + + .     Faith    .   y - +1 ring mail "Againoar" {rElec MP+9 Str+4}
rPois    ∞         Spirit   .   (no helmet)
rElec    +         Reflect  .   (no cloak)
rCorr    .         Harm     .   (no gloves)
MR       .....                  (no boots)
Stlth    +.........             (no amulet)
HPRegen  0.21/turn              x - ring of positive energy
MPRegen  0.17/turn              (no ring)

@: liquid flames, protection aura, glowing, drained
A: negative energy resistance 1, electricity resistance, unbreathing,
petrification resistance, rot immunity, AC +8
a: no special abilities


You were on level 1 of the Orcish Mines.
You were near starving.

You visited 2 branches of the dungeon, and saw 11 of its levels.
You also visited: Ossuary.

You collected 1277 gold pieces.
You spent 261 gold pieces at shops.

Inventory:

Hand Weapons
 a - a +1 flail of crushing
 k - a +4 quarterstaff of chaos
 D - a +1 mace of protection (weapon)
Missiles
 I - a throwing net (quivered)
Armour
 c - a +0 shield
 w - a +1 scale mail of fire resistance
 y - the +1 ring mail "Againoar" (worn) {rElec MP+9 Str+4}
   (You bought it in a shop on level 6 of the Dungeon)

   It affects your strength (+4).
   It insulates you from electricity.
   It affects your magic capacity (+9).
Jewellery
 u - an uncursed ring of flight {unknown}
 x - a ring of positive energy (left hand)
 C - a +1 ring of protection {unknown}
 E - a cursed ring of teleportation {unknown}
Wands
 h - a wand of disintegration (17)
 v - a wand of random effects (11)
 B - a wand of flame (28)
 G - a wand of polymorph (16)
Scrolls
 b - a scroll of magic mapping
 d - 6 scrolls of identify
 e - 6 scrolls of remove curse
 l - 5 scrolls of fog
 o - 3 scrolls of amnesia
 s - a scroll of enchant weapon
 z - 3 scrolls of blinking
Potions
 g - a potion of brilliance {unknown}
 i - 5 potions of curing
 j - 3 potions of magic {unknown}
 m - 6 potions of cancellation {unknown}
 n - 2 potions of lignification {unknown}
 p - 2 potions of resistance {unknown}
 q - a potion of ambrosia {unknown}
 r - 2 potions of haste {unknown}
 A - a potion of flight
Comestibles
 f - 18 rations


   Skills:
 + Level 9.1(8.8) Fighting
 + Level 8.0(7.8) Maces & Flails
 + Level 9.2(8.9) Armour
 * Level 9.2(8.9) Dodging
 - Level 3.2(3.0) Shields


You had 10 spell levels left.
You didn't know any spells.
Your spell library contained the following spells:

 Spells                   Type           Power        Failure   Level  Hunger
 Confuse                  Hex            #.......     87%         3    ####...
 Confusing Touch          Hex            #.....       52%         1    ##.....
 Metabolic Englaciation   Hex/Ice        #.........   100%        5    ######.
 Petrify                  Tmut/Erth      #.......     99%         4    #####..
 Gell's Gravitas          Tloc           #.........   87%         3    ####...
 Yara's Violent Unravell  Hex/Tmut       #.........   100%        5    ######.


Dungeon Overview and Level Annotations

Branches:
Dungeon (9/15)             Temple (0/1) D:5             Orc (2/2) D:9
    Elf (0/3) Orc:2
   Lair: D:8-11

Altars:
Ashenzari
Elyvilon
Fedhas
Gozag
Nemelex Xobeh
Trog
Vehumet

Shops:
D:6 [   Orc:1 (

Annotations:
D:7 1 runed door


Innate Abilities, Weirdness & Mutations

You are resistant to torment.
Your stone body is resilient. (AC +8)
You are immune to poison.
You resist negative energy. (rN+)
You are resistant to electric shocks. (rElec)
You can survive without breathing.
You are immune to petrification.
You are immune to rotting.


Message History

The smoke demon gestures at you. Something smites you!
The orc sorcerer gestures at you while chanting.
The bolt of fire misses you.
Okay, then.
You are covered in liquid flames!
* * * LOW HITPOINT WARNING * * *
You are covered in liquid flames!
* * * LOW HITPOINT WARNING * * *
The smoke demon gestures at you. The sticky flame hits you!
You are covered in liquid flames!
* * * LOW HITPOINT WARNING * * *
The orc sorcerer casts a spell at you. The bolt of negative energy hits you!
You partially resist.
You feel drained.
* * * LOW HITPOINT WARNING * * *
Unknown command.
Unknown command.
You are covered in liquid flames!
You die...

........###.$....$.#
....$...##...#....##
##### #.....#...###o###
##.#.#####...........#.##
#.....#.##..............#
##..........o....#.....##
##.........3.....##.###
#................###
####.......@........#
##.#.##.....>.......##
#..................#.##
##................#...###
##^...............#..#.##
###...........#........#
##..........#...##.#.##
#.......#...##.#######
##.##....#.#.....##.##


You could see a smoke demon and an orc sorcerer.

Vanquished Creatures
  A two-headed ogre (Orc:2)
  An ugly thing (D:9)
  A cyclops (Orc:2)
  A merfolk (D:9)
  2 trolls
  Prince Ribbit (D:7)
  Sigmund (D:3)
  Eustachio (D:6)
  2 hungry ghosts (D:8)
  Edmund (D:6)
  2 wargs (Orc:2)
  9 orc warriors
  An ice beast (D:6)
  2 black bears
  A phantom (D:9)
  4 ogres
  7 centaurs
  A big kobold (D:9)
  2 bullfrogs
  A gnoll sergeant (D:6)
  11 scorpions
  4 killer bees (D:8)
  A howler monkey (D:6)
  3 crimson imps
  A bullfrog zombie (D:8)
  5 centaur zombies (Ossuary)
  6 jellies
  A quasit (D:9)
  10 orc priests
  Crazy Yiuf (D:6)
  2 human zombies (Ossuary)
  A hound (D:5)
  7 orc wizards
  Jessica (D:3)
  A bullfrog skeleton (D:9)
  4 iguanas
  Natasha (thrice) (D:2)
  Terence (D:3)
  17 worker ants
  2 big kobold zombies (Ossuary)
  3 hound skeletons
  3 mummies
  2 worker ant zombies
  5 gnolls (D:6)
  3 howler monkey skeletons
  A scorpion zombie (Ossuary)
  9 adders
  4 shadow imps
  3 oozes
  An adder skeleton (D:9)
  An adder zombie (D:6)
  7 worms
  14 dart slugs
  9 leopard geckos
  33 orcs
  2 ball pythons (D:3)
  6 bats
  9 giant cockroaches
  9 goblins
  4 hobgoblins
  9 jackals
  11 kobolds
  3 quokkas
  4 frilled lizards
  A gnoll zombie (Ossuary)
  2 goblin zombies
  3 hobgoblin zombies (Ossuary)
  A kobold zombie (Ossuary)
  A leopard gecko zombie (D:7)
  2 orc zombies
  A quokka skeleton (D:4)
  4 rats
  2 butterflies (D:7)
296 creatures vanquished.

Vanquished Creatures (others)
  A scorpion (Ossuary)
  An orc wizard (D:6)
  A mummy (Ossuary)
  An orc (D:6)
  A goblin (D:3)
  A goblin zombie (Ossuary)
  A kobold zombie (Ossuary)
  An orc zombie (Ossuary)
  A plant (D:8)
9 creatures vanquished.

Grand Total: 305 creatures vanquished

Notes
Turn   | Place    | Note
-------+----------+-------------------------------------------
     0 | D:1      | Borgoz the Gargoyle Fighter began the quest for the Orb.
     0 | D:1      | Reached XP level 1. HP: 14/14 MP: 1/1
    77 | D:1      | Reached XP level 2. HP: 1/19 MP: 2/2
   397 | D:1      | Reached skill level 1 in Dodging
   414 | D:1      | Reached XP level 3. HP: 23/23 MP: 3/3
   833 | D:2      | Noticed Natasha
   854 | D:2      | Killed Natasha
   854 | D:2      | Reached XP level 4. HP: 3/29 MP: 4/4
   860 | D:2      | Noticed Natasha
  1152 | D:2      | Killed Natasha
  1280 | D:2      | Noticed Natasha
  1290 | D:2      | Killed Natasha
  1290 | D:2      | Reached XP level 5. HP: 30/33 MP: 5/5
  1539 | D:2      | You fall through a shaft!
  1576 | D:3      | Noticed Terence
  1611 | D:4      | Found a bloodstained altar of Trog.
  1611 | D:4      | Found a shattered altar of Ashenzari.
  1613 | D:4      | Found a blossoming altar of Fedhas.
  1664 | D:4      | Found a sand-covered staircase.
  1677 | Ossuary  | Entered an ossuary
  1724 | Ossuary  | Reached XP level 6. HP: 15/39 MP: 6/6
  2029 | Ossuary  | Reached XP level 7. HP: 37/44 MP: 7/7
  2270 | Ossuary  | Reached skill level 5 in Fighting
  2278 | Ossuary  | Reached skill level 5 in Armour
  2741 | Ossuary  | Reached XP level 8. HP: 37/50 MP: 8/8
  2977 | D:3      | Noticed Sigmund
  2978 | D:3      | Noticed Jessica
  3020 | D:3      | Killed Sigmund
  3059 | D:3      | Killed Terence
  3377 | D:3      | Killed Jessica
  3484 | D:4      | Reached skill level 5 in Dodging
  4309 | D:5      | Entered Level 5 of the Dungeon
  4614 | D:5      | Reached skill level 5 in Maces & Flails
  4750 | D:5      | Found a white marble altar of Elyvilon.
  5023 | D:5      | Found a staircase to the Ecumenical Temple.
  5198 | D:6      | Found Seshufau's Antique Armour Boutique.
  5201 | D:6      | Bought a spiked ring mail for 261 gold pieces
  5212 | D:6      | Identified the +1 ring mail "Againoar" {rElec MP+9 Str+4} (You bought it in a shop on level 6 of the Dungeon)
  5261 | D:6      | Noticed Prince Ribbit
  5263 | D:6      | Reached XP level 9. HP: 55/55 MP: 9/9
  5627 | D:6      | Noticed Edmund
  5654 | D:6      | Killed Edmund
  6012 | D:6      | Found a runed door.
  6039 | D:6      | Noticed Eustachio
  6067 | D:6      | Killed Eustachio
  6585 | D:6      | Noticed Crazy Yiuf
  6595 | D:6      | Killed Crazy Yiuf
  6795 | D:7      | Killed Prince Ribbit
  7570 | D:7      | Found a runed door.
  7596 | D:7      | Found a runed door.
  7637 | D:7      | Reached XP level 10. HP: 63/63 MP: 10/10
  8454 | D:8      | Found a sparkling altar of Nemelex Xobeh.
  9510 | D:9      | Noticed a green ugly thing
  9519 | D:9      | Killed a green ugly thing
  9532 | D:9      | Found an opulent altar of Gozag.
 10857 | D:9      | Found a staircase to the Orcish Mines.
 10866 | Orc:1    | Entered Level 1 of the Orcish Mines
 11119 | D:9      | Reached XP level 11. HP: 61/69 MP: 11/11
 11413 | Orc:2    | Entered Level 2 of the Orcish Mines
 11416 | Orc:2    | Noticed a cyclops
 11419 | Orc:2    | HP: 3/69 [cyclops/large rock (15)]
 11933 | Orc:2    | Killed a cyclops
 12581 | Orc:2    | Found a staircase to the Elven Halls.
 12588 | Orc:2    | Noticed a two-headed ogre
 12593 | Orc:2    | Killed a two-headed ogre
 12624 | Orc:2    | Found a radiant altar of Vehumet.
 13146 | Orc:1    | Found Byzo's Weapon Boutique.
 13146 | Orc:1    | Noticed a cyclops
 13278 | Orc:1    | Noticed an orc sorcerer
 13378 | Orc:1    | HP: 1/71 [orc sorcerer/bolt of negative energy (4)]
 13379 | Orc:1    | Incinerated by a smoke demon

Vault maps used:
D:1:      minmay_arrival_open_corners
D:2:      serial_glass, glass_columns_c, glass_columns_b, first_ration,
          minmay_statues_item, uniq_natasha
D:3:      kennysheep_slugbush, uniq_terence, uniq_sigmund, uniq_jessica
D:4:      grunt_temple_overflow_open, nicolae_ossuary_entry_giza
D:5:      elyvilon_altar_1, minmay_temple_entry_poolview, serial_bayou_crossing
D:6:      serial_shops, nicolae_shop_behind_doors, lemuel_flame_loot_1,
          uniq_edmund, uniq_prince_ribbit1, uniq_eustachio,
          uniq_crazy_yiuf_cottage
D:7:      lemuel_insect_pit
D:8:      kennysheep_mini_moat, serial_bayou_pond_b
D:9:      grunt_gozag_statues, orc_0_dummy, hangedman_fish_farm,
          bh_walls_and_bars
Orc:1:    serial_shops, shop
Orc:2:    st_orc_elflike, basic_altar
Ossuary:  ossuary_minmay_scorpions

Skill      XL: |  1  2  3  4  5  6  7  8  9 10 11 |
---------------+----------------------------------+-----
Dodging        | 1 2 3 4 5 7 8 9 |  9.2
Fighting       | 4 5 6 7 8 9 |  9.1
Armour         | 4 5 6 7 8 9 |  9.2
Maces & Flails | 3 4 5 6 7 8 |  8.0
Shields        | |  3.2

Action                   |  1- 3 |  4- 6 |  7- 9 | 10-12 || total
-------------------------+-------+-------+-------+-------++-------
Melee: Flail             |   112 |   172 |   376 |   207 ||   867
       Dire flail        |       |       |   242 |       ||   242
       Mace              |       |       |       |   430 ||   430
Evoke: Wand              |       |       |    10 |     8 ||    18
  Use: Potion            |     2 |       |     6 |     1 ||     9
       Scroll            |       |     4 |    14 |     2 ||    20
  Eat: Chunk             |       |     4 |    15 |    23 ||    42
       Ration            |       |       |     1 |       ||     1
Armor: Scale mail        |    93 |   108 |   172 |       ||   373
       Ring mail         |       |       |   119 |   315 ||   434
Dodge: Dodged            |    87 |   103 |   490 |   572 ||  1252

Table legend:
 A = Spawn XP
 B = Non-spawn XP
 C = Spawn XP percentage of total XP
 D = Spawn monster count
 E = Non-spawn monster count
 F = Spawn count percentage of total count
 G = Total turns spent on level
                    A         B        C        D         E        F      G
               +---------+---------+-------+---------+---------+-------+---------
         Total |       0 |   12250 |   0.0 |       0 |     294 |   0.0 | 13379
               +---------+---------+-------+---------+---------+-------+---------
           D:1 |       0 |      58 |   0.0 |       0 |      23 |   0.0 |   931
           D:2 |       0 |     168 |   0.0 |       0 |      25 |   0.0 |   788
           D:3 |       0 |     413 |   0.0 |       0 |      29 |   0.0 |   550
           D:4 |       0 |     179 |   0.0 |       0 |      16 |   0.0 |   822
           D:5 |       0 |     446 |   0.0 |       0 |      20 |   0.0 |   960
           D:6 |       0 |    1414 |   0.0 |       0 |      30 |   0.0 |  1480
           D:7 |       0 |    1272 |   0.0 |       0 |      34 |   0.0 |  1203
           D:8 |       0 |    1882 |   0.0 |       0 |      35 |   0.0 |  1447
           D:9 |       0 |    2561 |   0.0 |       0 |      36 |   0.0 |  1809
         Orc:1 |       0 |     284 |   0.0 |       0 |       4 |   0.0 |  1074
         Orc:2 |       0 |    2588 |   0.0 |       0 |      14 |   0.0 |  1095
       Ossuary |       0 |     985 |   0.0 |       0 |      28 |   0.0 |  1220
               +---------+---------+-------+---------+---------+-------+---------
